 Dungeon Crawl Stone Soup version 0.30-a0-723-gc1506a1cf0 (webtiles) character file.

Game seed: 18336366449559613831

8715 pokeman the Thaumaturge (level 11, -5/60 HPs)
             Began as a Deep Elf Hedge Wizard on Jan 28, 2023.
             Was a Priest of Vehumet.
             Slain by a centaur warrior zombie (9 damage)
             ... on level 10 of the Dungeon.
             The game lasted 00:28:20 (10213 turns).

pokeman the Thaumaturge (Deep Elf Hedge Wizard)    Turns: 10213, Time: 00:28:20

Health: -5/60      AC:  7    Str:  7    XL:     11   Next: 13%
Magic:  31/31      EV: 13    Int: 24    God:    Vehumet [***...]
Gold:   608        SH:  0    Dex: 14    Spells: 30/39 levels left

rFire   . . .      SeeInvis .    A - +2 rapier (venom)
rCold   + . .      Faith    .    (no shield)
rNeg    . . .      Spirit   .    z - +2 robe {Archmagi}
rPois   +          Reflect  .    c - +0 hat
rElec   .          Harm     .    Q - +2 cloak {rPois}
rCorr   .          Rampage  .    (no gloves)
Will    +....      Archmagi +    (no boots)
Stlth   ++                       u - amulet of magic regeneration
HPRegen 0.30/turn                y - ring of protection from cold
MPRegen 0.62/turn                (no ring)

@: no status effects
A: no striking features
a: Renounce Religion


You were on level 10 of the Dungeon.
You worshipped Vehumet.
Vehumet was most pleased with you.
You visited 2 branches of the dungeon, and saw 11 of its levels.

You collected 608 gold pieces.

Inventory:

Hand Weapons
 A - a +2 rapier of venom (weapon)
Missiles
 H - a throwing net
Armour
 c - a +0 hat (worn)
 z - a +2 robe of the Archmagi (worn)
 G - an orb of mayhem
 I - a +0 buckler
 Q - a +2 cloak of poison resistance (worn)
Magical Staves
 r - a staff of death
Jewellery
 u - an amulet of magic regeneration (around neck)
 w - an amulet of guardian spirit
 y - a ring of protection from cold (left hand)
 J - a +6 ring of dexterity
Wands
 K - a wand of roots (11)
 M - a wand of quicksilver (11)
 O - a wand of paralysis (9)
 R - a wand of mindburst (18)
 S - a wand of digging (3)
Scrolls
 a - 2 scrolls of magic mapping {unknown}
 b - 2 scrolls of blinking {unknown}
 k - 3 scrolls of vulnerability {unknown}
 l - 9 scrolls of identify {unknown}
 n - 5 scrolls of teleportation {unknown}
 p - 3 scrolls of noise {unknown}
 t - a scroll of brand weapon {unknown}
 v - a scroll of immolation {unknown}
 x - 3 scrolls of enchant armour {unknown}
 B - 2 scrolls of poison {unknown}
 C - 2 scrolls of amnesia {unknown}
 E - a scroll of butterflies {unknown}
 N - a scroll of torment {unknown}
 P - 2 scrolls of fog {unknown}
Potions
 d - 2 potions of magic
 e - 7 potions of brilliance {unknown}
 f - 4 potions of degeneration {unknown}
 h - 4 potions of curing {unknown}
 i - 2 potions of haste {unknown}
 j - a potion of cancellation {unknown}
 m - a potion of flight {unknown}
 o - 2 potions of ambrosia {unknown}
 q - 9 potions of mutation {unknown}
 s - 2 potions of lignification {unknown}
 D - 2 potions of attraction {unknown}
 F - a potion of resistance {unknown}
 L - a potion of heal wounds {unknown}
Miscellaneous
 g - a piece from Xom's chessboard (15/15)


   Skills:
 - Level 3.0 Fighting
 - Level 3.0 Armour
 - Level 3.0 Dodging
 - Level 3.0 Stealth
 + Level 3.7 Shields
 * Level 14.5 Spellcasting
 + Level 8.3 Conjurations
 - Level 4.1 Summonings
 - Level 4.3 Necromancy
 - Level 1.1 Translocations
 + Level 6.2 Fire Magic
 - Level 1.0 Air Magic
 - Level 1.3 Poison Magic
 - Level 1.1 Evocations


You had 30 spell levels left.
You knew the following spells:

 Your Spells              Type           Power      Damage    Failure   Level
a - Magic Dart            Conj           100%       1d8       1%          1
b - Mephitic Cloud        Conj/Pois/Air  51%        N/A       1%          3
c - Call Imp              Summ           54%        N/A       1%          2
d - Blink                 Tloc           68%        N/A       3%          2
e - Foxfire               Conj/Fire      100%       2x1d9     1%          1

Your spell library contained the following spells:

 Spells                   Type           Power      Damage    Failure   Level
 Ignite Poison            Fire/Tmut/Pois 44%        N/A       1%          3
 Cigotuvi's Dreadful Rot  Necr/Pois/Air  84%        N/A       1%          2
 Searing Ray              Conj           100%       2d8       1%          2
 Fulminant Prism          Conj/Hex       27%        3d13      1%          4
 Slow                     Hex            100%       N/A       3%          1


Dungeon Overview and Level Annotations

Branches:
Dungeon (10/15)            Temple (1/1) D:5            Lair (0/5) D:9
    Orc: D:9-12

Altars:
Ashenzari
Cheibriados
Dithmenos
Elyvilon
Gozag
Hepliaklqana
Kikubaaqudgha
Makhleb
Nemelex Xobeh
Okawaru
Qazlal
Ru
Sif Muna
Trog
Uskayaw
Vehumet
Wu Jian
Xom
The Shining One

Shops:
D:2 [   D:6 (   D:7 (

Annotations:
D:8 3 runed translucent doors, drewk1942's ghost, novice GnWn
D:10 drugrobin's ghost, journeyman DgDe


Message History

The unseen horror zombie is heavily damaged.
The unseen horror zombie closely misses you.
The unseen horror zombie hits you.
The centaur warrior zombie barely misses you.
The centaur warrior zombie kicks you but does no damage.
The unseen horror zombie hits you.
* * * LOW HITPOINT WARNING * * *
Unknown command.
The centaur warrior zombie attacks as you move away!
The centaur warrior zombie barely misses you.
The centaur warrior zombie kicks you but does no damage. 2 centaur warrior zombies come into view.
The unseen horror zombie hits you.
* * * LOW HITPOINT WARNING * * *
The unseen horror zombie hits you but does no damage.
The unseen horror zombie attacks as you move away!
The unseen horror zombie hits you but does no damage.
You feel stable enough to blink again.
The unseen horror zombie closely misses you.
The unseen horror zombie hits you!
* * * LOW HITPOINT WARNING * * *
Casting: Blink (safe; 3% risk of failure)
Confirm with . or Enter, or press ? or * to list all spells.
You feel a surge of power!
You blink.
Aiming: Paralyse
Press: ? - help, Shift-Dir - straight line, f - unseen horror zombie
Aim: an unseen horror zombie (heavily damaged, chance to affect: 62%)
The unseen horror zombie suddenly stops moving!
You feel stable enough to blink again.
You open the door.
Found a fuming brown potion.
There is an open door here.
The centaur warrior zombie barely misses you.
The centaur warrior zombie closely misses you.
The centaur warrior zombie attacks as you move away!
The centaur warrior zombie hits you.
* * * LOW HITPOINT WARNING * * *
The centaur warrior zombie kicks you but does no damage.
The centaur warrior zombie hits you!
You die... #......#.#.:#8#$$.[ #......#.##.#W#.##$# #..Z...#.#8Z8L8.8 # # #......###.
BB.

.. #.##'#####
♣. ### H..
#....Z...#
#........#
#!.....Z.#
#.......@#
...........#
####..........
#......#####
#......#
#......#
#......#
#......


You could see 2 centaur warrior zombies.

Vanquished Creatures
  3 two-headed ogres
  Pikel (D:7)
  Maurice (D:8)
  2 hornets
  A shadow (D:9)
  A wraith (D:10)
  A wyvern (D:9)
  3 yaks (D:9)
  A vampire (D:9)
  Eustachio (D:4)
  A steam dragon (D:8)
  A water moccasin (D:7)
  Duvessa (D:4)
  2 sky beasts
  2 black bears
  6 orc warriors
  An ogre (D:7)
  2 centaurs
  A lemure (D:7)
  A phantom (D:5)
  2 kobold brigands
  3 bullfrogs
  2 scorpions (D:5)
  2 gnoll sergeants
  A necrophage (D:5)
  21 wights
  3 killer bees (D:8)
  8 hounds
  2 jellies
  6 orc priests
  An iguana (D:5)
  8 orc wizards
  12 gnolls
  5 adders
  4 white imps
  An ufetubus (D:6)
  A worm (D:4)
  A dart slug (D:2)
  31 orcs
  12 ball pythons
  5 bats
  7 endoplasms
  2 giant cockroaches
  8 goblins
  7 hobgoblins
  3 jackals (D:4)
  12 kobolds
  6 quokkas
  10 frilled lizards
  A rat (D:1)
  2 foxfires
222 creatures vanquished.

Vanquished Creatures (collateral kills)
  A sky beast (D:6)
  Dowan (D:4)
  A jelly (D:4)
  2 adders (D:2)
  A worm (D:4)
  2 orcs (D:4)
  A hobgoblin (D:4)
  A jackal (D:4)
10 creatures vanquished.

Vanquished Creatures (others)
  607 foxfires
607 creatures vanquished.

Grand Total: 839 creatures vanquished

Notes
Turn   | Place    | Note
-------+----------+-------------------------------------------
     0 | D:1      | pokeman the Deep Elf Hedge Wizard began the quest for the
                  | Orb.
     0 | D:1      | Reached XP level 1. HP: 10/10 MP: 7/7
   220 | D:1      | Reached XP level 2. HP: 15/15 MP: 6/9
   964 | D:1      | Reached skill level 5 in Spellcasting
  1275 | D:2      | Reached XP level 3. HP: 20/20 MP: 1/11
  1280 | D:2      | Learned a level 3 spell: Mephitic Cloud
  1283 | D:2      | Learned a level 2 spell: Call Imp
  1286 | D:2      | Learned a level 2 spell: Blink
  1484 | D:2      | Found a faded altar of an unknown god.
  1769 | D:2      | Found Fefuwkea's Armour Boutique.
  1825 | D:2      | Reached skill level 1 in Armour
  1830 | D:2      | Reached skill level 1 in Fighting
  2309 | D:3      | Reached XP level 4. HP: 25/25 MP: 6/13
  2778 | D:3      | Reached skill level 6 in Spellcasting
  2778 | D:3      | Reached XP level 5. HP: 26/29 MP: 3/15
  3517 | D:4      | Reached skill level 1 in Necromancy
  3617 | D:4      | Reached skill level 1 in Air Magic
  3669 | D:4      | Noticed Eustachio
  3689 | D:4      | Killed Eustachio
  3690 | D:4      | Reached skill level 7 in Spellcasting
  3690 | D:4      | Reached skill level 1 in Poison Magic
  3690 | D:4      | Reached skill level 1 in Evocations
  3690 | D:4      | Reached XP level 6. HP: 30/34 MP: 18/18
  3972 | D:4      | Reached XP level 7. HP: 27/38 MP: 15/20
  4457 | D:4      | Noticed Duvessa
  4458 | D:4      | Noticed Dowan
  4477 | D:4      | Killed Dowan
  4489 | D:4      | Killed Duvessa
  4745 | D:5      | Entered Level 5 of the Dungeon
  4795 | D:5      | Reached skill level 8 in Spellcasting
  4907 | D:5      | Found a shimmering altar of Xom.
  4932 | D:5      | Found a staircase to the Ecumenical Temple.
  4941 | Temple   | Entered the Ecumenical Temple
  4980 | Temple   | Became a worshipper of Vehumet
  5253 | D:5      | Reached XP level 8. HP: 25/44 MP: 13/22
  5495 | D:5      | Found a broken altar of Ashenzari.
  5688 | D:5      | Reached skill level 9 in Spellcasting
  5732 | D:6      | Found Bufoh's Weapon Shop.
  5807 | D:6      | Reached skill level 5 in Conjurations
  5837 | D:6      | Reached * piety under Vehumet
  5837 | D:6      | Offered knowledge of Foxfire by Vehumet.
  5851 | D:6      | Reached skill level 10 in Spellcasting
  5855 | D:6      | Learned a level 1 spell: Foxfire
  6009 | D:6      | Reached skill level 1 in Fire Magic
  6009 | D:6      | Reached XP level 9. HP: 27/48 MP: 20/25
  6429 | D:7      | Reached skill level 11 in Spellcasting
  6510 | D:7      | Found a shimmering blue altar of Sif Muna.
  6986 | D:7      | Reached ** piety under Vehumet
  7127 | D:7      | Noticed Pikel
  7154 | D:7      | Killed Pikel
  7155 | D:7      | Reached skill level 1 in Shields
  7155 | D:7      | Reached skill level 12 in Spellcasting
  7164 | D:7      | Offered knowledge of Poisonous Vapours by Vehumet.
  7247 | D:7      | Reached XP level 10. HP: 50/56 MP: 28/28
  7623 | D:7      | Found Zoyrokk's Weapon Emporium.
  7750 | D:8      | Noticed a two-headed ogre
  7751 | D:8      | Noticed Maurice
  7912 | D:8      | Noticed a two-headed ogre
  8077 | D:8      | Killed Maurice
  8231 | D:8      | Killed a two-headed ogre
  8232 | D:8      | Reached skill level 13 in Spellcasting
  8232 | D:8      | Reached skill level 5 in Fire Magic
  8332 | D:8      | Found a runed translucent gate.
  8332 | D:8      | Found a runed translucent gate.
  8332 | D:8      | Found a runed translucent gate.
  8340 | D:8      | Killed a two-headed ogre
  8391 | D:8      | Noticed drewk1942's ghost (novice GnWn)
  8698 | D:9      | Offered knowledge of Ignite Poison by Vehumet.
  8948 | D:9      | Reached skill level 14 in Spellcasting
  8952 | D:9      | Found a staircase to the Lair.
  8958 | D:9      | Reached *** piety under Vehumet
  9152 | D:9      | Noticed a two-headed ogre
  9162 | D:9      | Killed a two-headed ogre
  9163 | D:9      | Reached XP level 11. HP: 45/60 MP: 23/31
  9596 | D:10     | Entered Level 10 of the Dungeon
  9615 | D:10     | Found an opulent altar of Gozag.
 10178 | D:10     | Noticed drugrobin's ghost (journeyman DgDe)
 10178 | D:10     | Noticed a lich
 10178 | D:10     | Noticed a boulder beetle
 10180 | D:10     | Noticed a sphinx
 10180 | D:10     | Noticed a boulder beetle
 10213 | D:10     | Slain by a centaur warrior zombie

Illustrated notes

Levels and vault maps discovered:
D:1:      moated_graveyard_arrival, layout_basic
D:2:      layout_basic, hellmonk_ecumenical_altar_lost_god, serial_shops, shop,
          minivault_26, minmay_split_cup_large
D:3:      layout_basic, serial_forest, infiniplex_forest_straight_4,
          infiniplex_forest_straight_2, infiniplex_forest_lined_corner,
          infiniplex_forest_straight_3, infiniplex_forest_lined_corner
D:4:      layout_loops_corners, dk_vineyard_2, minmay_cut_off, uniq_duvessa,
          uniq_eustachio
D:5:      layout_basic, xom_butterflies, evilmike_ruin_ashenzari,
          temple_fountains
D:6:      layout_rooms, serial_shops, nicolae_shop_hallway_stairs,
          kennysheep_another_room
D:7:      layout_basic, nicolae_sif_muna_condensation, serial_shops, shop_coins,
          minivault_11, hangedman_decor_lopped, hangedman_abyss_or_decor_passed,
          minmay_misc_feat_doors, uniq_pikel
D:8:      layout_rooms, gammafunk_ghost_necromancy, uniq_maurice
D:9:      layout_loops_ring, lair_entry_dummy
D:10:     layout_irregular_city, nicolae_yredelemnul_corpse_copse,
          fedhas_altar_2, mainiacjoe_overflow_cross_hatched,
          muffindrake_ghost_dual_entry
Temple:   nicolae_temple_x_marks_the_god

Skill      XL: |  1  2  3  4  5  6  7  8  9 10 |
---------------+-------------------------------+-----
Spellcasting   | 5 6 7 8 10 12 14 | 14.5
Armour         | 1 2 3 |  3.0
Conjurations   | 2 3 4 5 6 8 |  8.3
Fighting       | 1 2 3 |  3.0
Dodging        | 3 |  3.0
Stealth        | 3 |  3.0
Necromancy     | 1 3 4 |  4.3
Air Magic      | 1 |  1.0
Poison Magic   | 1 |  1.3
Evocations     | 1 |  1.1
Summonings     | 2 4 |  4.1
Fire Magic     | 1 4 6 |  6.2
Shields        | 1 3 |  3.7
Translocations | |  1.1

Action                     |  1- 3 |  4- 6 |  7- 9 | 10-12 || total
---------------------------+-------+-------+-------+-------++-------
  Melee: Dagger            |     1 |    20 |       |       ||    21
         Punch             |       |     1 |       |     2 ||     3
         Short sword       |       |    34 |    37 |       ||    71
         Rapier            |       |       |    63 |    53 ||   116
   Cast: Magic Dart        |   106 |   115 |   104 |     3 ||   328
         Call Imp          |     3 |     5 |     5 |     4 ||    17
         Mephitic Cloud    |       |     9 |    35 |    22 ||    66
         Blink             |       |       |     1 |     5 ||     6
         Foxfire           |       |       |   121 |   221 ||   342
  Evoke: Wand              |       |       |       |     1 ||     1
   Stab: Sleeping          |     1 |     1 |       |       ||     2
         Confused          |       |     8 |     8 |    13 ||    29
 Armour: Leather armour    |    10 |    15 |     1 |       ||    26
         Robe              |       |       |    23 |    12 ||    35
  Dodge: Dodged            |    15 |    67 |    96 |    49 ||   227

Table legend: (Time is in decaauts)
 A = Elapsed time spent in this place.
 B = Non-inter-level travel time spent in this place.
 C = Inter-level travel time spent in this place.
 D = Time resting spent in this place.
 E = Time spent auto-exploring this place.
 F = Levels seen in this place.
 G = Mean time per level.
                   A        B        C        D        E       F      G
               +--------+--------+--------+--------+--------+-----+--------+
         Total |  10237 |   9813 |    424 |    517 |   7352 |  11 |  930.6 |
       Dungeon |  10089 |   9674 |    415 |    423 |   7324 |  10 | 1008.9 |
        Temple |    147 |    138 |      9 |     94 |     28 |   1 |  147.0 |
               +--------+--------+--------+--------+--------+-----+--------+

Top non-repeatable levels by time:
     D:7: 1504 daAuts
     D:4: 1341 daAuts
     D:1: 1255 daAuts
     D:3: 1144 daAuts
     D:2: 1040 daAuts
     D:9: 972 daAuts
     D:5: 804 daAuts
     D:8: 760 daAuts
     D:6: 649 daAuts
    D:10: 616 daAuts
  Temple: 147 daAuts
